 Dungeon Crawl Stone Soup version 0.31-a0-851-g7ff8af7976 (webtiles) character file.

Game seed: 18439059418350635266

37 Warped the Slasher (level 3, 0/29 HPs)
             Began as a Human Monk on Oct 8, 2023.
             Slain by a hobgoblin (4 damage)
             ... on level 2 of the Dungeon.
             The game lasted 00:01:14 (571 turns).

Warped the Slasher (Human Monk)                      Turns: 571, Time: 00:01:14

Health: 0/29       AC:  2    Str: 10 (13) XL:     3   Next: 60%
Magic:  3/3        EV: 13    Int:  8 (10) God:
Gold:   32         SH:  0    Dex: 14 (15) Spells: 2/2 levels left

rFire   . . .        a - +0 falchion
rCold   . . .        d - orb {light}
rNeg    . . .        b - +0 robe
rPois   .            (no helmet)
rElec   .            (no cloak)
rCorr   .            (no gloves)
SInv    .            (no boots)
Will    .....        (no amulet)
Stlth   +            (no ring)
HPRegen 0.24/turn    (no ring)
MPRegen 0.08/turn

%: no passive effects
@: glowing
A: no striking features
a: no special abilities


You were on level 2 of the Dungeon.
You visited 1 branch of the dungeon, and saw 2 of its levels.

You collected 32 gold pieces.

Inventory:

Hand Weapons
 a - a +0 falchion (weapon)
 g - a +2 dagger of holy wrath
Armour
 b - a +0 robe (worn)
 d - an orb of light (worn)
Jewellery
 k - a ring of fire
Scrolls
 h - a scroll of acquirement {unknown}
 i - a scroll of vulnerability {unknown}
 j - a scroll of identify {unknown}
Potions
 c - a potion of ambrosia
 f - a potion of curing


   Skills:
 - Level 3.0 Fighting
 + Level 4.3 Long Blades
 - Level 3.0 Dodging


You had 2 spell levels left.
You didn't know any spells.
Your spell library was empty.

Dungeon Overview and Level Annotations

Branches:
Dungeon (2/15)

Altars:


Message History

You feel sick. The adder attacks as it pursues you! The adder misses you.
You feel sick. The adder bites you.
* * * LOW HITPOINT WARNING * * *
The bat hits you but does no damage.
It was a potion of degeneration.
There was something very wrong with that liquid.
You feel weakened.
You feel dopey.
You feel clumsy.
* * * LOW HITPOINT WARNING * * *
You feel sick. The bat hits you but does no damage.
The adder closely misses you.
It was a potion of curing.
You feel better. The adder bites you.
You are poisoned.
The adder poisons you! The hobgoblin barely misses you.
You feel sick. The adder attacks as it pursues you! The adder misses you.
You slash the adder!
You kill the adder!
You feel sick. The bat closely misses you.
Unknown command.
You hit the bat but do no damage.
You feel sick.
You are no longer poisoned.
The bat barely misses you. x2
You hit the bat.
You kill the bat!
The rat twitches its whiskers.
You hit the ball python.
You kill the ball python!
The ball python bites you.
* * * LOW HITPOINT WARNING * * *
The ball python misses you.
You hit the ball python.
The ball python is severely wounded.
The ball python closely misses you. The ball python grabs you.
The ball python constricts you.
* * * LOW HITPOINT WARNING * * *
You slash the ball python!
You kill the ball python!
You hit the hobgoblin.
The hobgoblin is lightly wounded.
The hobgoblin hits you.
You die...

~...~~..~..r~~# .##
#.......~..~.# ...
#........~~..# ..
#......S!..$.###.###
....!.........#....
. #..##### #..# ..
#......# #<.# ..
##.....###..##.#..
#....rg@.........
#.....###..####..
#.....# #........
##...## #.######..
#...# #.........
###.# ########+# #.#
#.#


You could see a hobgoblin and a rat.

Vanquished Creatures
  An adder (D:2)
  A dart slug (D:1)
  4 ball pythons
  3 endoplasms (D:1)
  A giant cockroach (D:1)
  A goblin (D:1)
  2 hobgoblins (D:1)
  4 bats
  A frilled lizard (D:1)
  3 kobolds (D:1)
  5 rats (D:1)
26 creatures vanquished.

Notes
Turn   | Place    | Note
-------+----------+-------------------------------------------
     0 | D:1      | Warped the Human Monk began the quest for the Orb.
     0 | D:1      | Reached XP level 1. HP: 18/18 MP: 1/1
    75 | D:1      | Reached XP level 2. HP: 19/24 MP: 2/2
   291 | D:1      | Reached skill level 4 in Long Blades
   291 | D:1      | Reached XP level 3. HP: 29/29 MP: 3/3
   571 | D:2      | Slain by a hobgoblin

Illustrated notes

Levels and vault maps discovered:
D:1:      giann_horns, layout_rooms, hangedman_decor_push,
          reono_crystal_passage, nicolae_the_louvre
D:2:      cheibrodos_helix_gallery, layout_loops_corners, uniq_jessica,
          uniq_terence, uniq_natasha

Skill      XL: |  1  2 |
---------------+-------+-----
Long Blades    | 4 |  4.3
Fighting       | |  3.0
Dodging        | |  3.0

Action                     || total
---------------------------++-------
  Melee: Falchion          ||    57
    Use: Potion            ||     2
 Armour: Robe              ||    38
  Dodge: Dodged            ||    42

Table legend: (Time is in decaauts)
 A = Elapsed time spent in this place.
 B = Non-inter-level travel time spent in this place.
 C = Inter-level travel time spent in this place.
 D = Time resting spent in this place.
 E = Time spent auto-exploring this place.
 F = Levels seen in this place.
 G = Mean time per level.
                   A        B        C        D        E       F      G
               +--------+--------+--------+--------+--------+-----+--------+
         Total |    577 |    566 |     11 |      0 |    407 |   2 |  288.5 |
       Dungeon |    577 |    566 |     11 |      0 |    407 |   2 |  288.5 |
               +--------+--------+--------+--------+--------+-----+--------+

Top non-repeatable levels by time:
     D:1: 539 daAuts
     D:2: 38 daAuts
